 Dungeon Crawl Stone Soup version 0.22-a0-439-gac93bac (webtiles) character file.

127208 PegasusDuck the Eclecticist (level 16, -10/105 HPs)
             Began as a Centaur Fire Elementalist on May 23, 2018.
             Was the Champion of Sif Muna.
             Mangled by Arachne
             ... wielding an uncursed staff of poison
              (22 damage)
             ... on level 1 of the Spider Nest on May 29, 2018.
             The game lasted 02:12:15 (46499 turns).

PegasusDuck the Eclecticist (CeFE)                 Turns: 46499, Time: 02:12:16

Health: -10/105    AC: 14    Str: 11    XL:     16   Next: 45%
Magic:  44/44      EV:  9    Int: 24    God:    Sif Muna [******]
Gold:   1134       SH:  0    Dex: 16    Spells: 30/45 levels left

rFire    + . .     SeeInvis +   a - +3 shortbow "Enonkuca" {freeze, Int+5}
rCold    + . .     Gourm    .   (shield currently unavailable)
rNeg     . . .     Faith    .   N - +1 leather armour of Snakes and Ladders {rElec rC+ MP+9 Dex+4}
rPois    .         Spirit   .   r - +2 helmet {SInv}
rElec    +         Reflect  .   U - +2 cloak {+Inv}
rCorr    .         Harm     .   T - +2 pair of gloves
MR       ++...                  (no barding)
Stlth    ..........             k - amulet of magic regeneration
HPRegen  0.27/turn              c - ring of protection from magic
MPRegen  0.54/turn              I - ring of protection from fire

@: lethally poisoned (-10 -> -15), silence, hasted, divine energy, very quick
A: large, hooves 3, deformed body, speed 2, tough skin 3
a: Renounce Religion, Evoke Invisibility


You were on level 1 of the Spider Nest.
You worshipped Sif Muna.
Sif Muna was exalted by your worship.
You were not hungry.

You visited 7 branches of the dungeon, and saw 30 of its levels.
You also visited: Sewer and Volcano.

You collected 2556 gold pieces.
You spent 1422 gold pieces at shops.

Inventory:

Hand Weapons
 a - the +3 shortbow "Enonkuca" (weapon) {freeze, Int+5}
   (You acquired it on level 9 of the Dungeon)

   It causes projectiles fired from it to freeze those they strike, causing
   extra injury to most foes and up to half again as much damage against
   particularly susceptible opponents.
   They can also slow down cold-blooded creatures.
   It affects your intelligence (+5).
 b - a +2 shortbow of velocity
Missiles
 z - 186 arrows (quivered)
Armour
 j - a +4 troll leather armour {Snorg}
 l - the +3 leather armour "Zolug" {+Inv +Fly rN+}
   (You found it on level 4 of the Dungeon)

   It protects you from negative energy.
   It lets you turn invisible.
   It lets you fly.
 r - a +2 helmet of see invisible (worn)
 N - the +1 leather armour of Snakes and Ladders (worn) {rElec rC+ MP+9 Dex+4}
   (You bought it in a shop on level 2 of the Orcish Mines)

   It affects your dexterity (+4).
   It protects you from cold.
   It insulates you from electricity.
   It affects your magic capacity (+9).
 T - a +2 pair of gloves (worn)
 U - a +2 cloak of invisibility (worn)
Jewellery
 c - a ring of protection from magic (left hand)
 k - an amulet of magic regeneration (around neck)
 t - an uncursed ring of protection from fire
 I - a ring of protection from fire (right hand)
 J - a +2 amulet of reflection {unknown}
Wands
 m - a wand of digging (49)
 B - a wand of polymorph (11)
 E - a wand of paralysis (22)
 H - a wand of iceblast (5)
 M - a wand of acid (3)
 P - a wand of enslavement (16)
Scrolls
 d - 4 scrolls of identify
 g - 4 scrolls of immolation
 n - 4 scrolls of fog
 p - 3 scrolls of fear
 q - a scroll of summoning
 s - 13 scrolls of remove curse
 u - 2 scrolls of holy word
 x - 11 scrolls of teleportation
 y - a scroll of magic mapping
 A - 2 scrolls of silence
 F - 4 scrolls of blinking
 L - 3 scrolls of amnesia
 O - a scroll of enchant armour
Potions
 e - 3 potions of agility
 h - 9 potions of brilliance
 i - 3 potions of magic
 o - 2 potions of heal wounds
 v - 3 potions of ambrosia
 w - 8 potions of curing
 C - 4 potions of mutation
 D - a potion of berserk rage
 G - 3 potions of lignification
 K - a potion of cancellation {unknown}
 Q - 6 potions of resistance
 R - 4 potions of haste
 S - 3 potions of might
Comestibles
 f - 39 rations


   Skills:
 - Level 14.0 Bows
 - Level 1.3 Dodging
 - Level 1.1 Stealth
 - Level 15.0 Spellcasting
 - Level 12.8 Conjurations
 + Level 12.0 Fire Magic
 + Level 6.7 Invocations
 + Level 1.9 Evocations


You had 30 spell levels left.
You knew the following spells:

 Your Spells              Type           Power        Failure   Level  Hunger
a - Flame Tongue          Conj/Fire      #####        1%          1    None
b - Throw Flame           Conj/Fire      ######       1%          2    None
c - Sticky Flame          Conj/Fire      ######..     1%          4    None
d - Mephitic Cloud        Conj/Pois/Air  #####...     2%          3    None
e - Fireball              Conj/Fire      ######....   1%          5    ##.....

Your spell library contained the following spells:

 Spells                   Type           Power        Failure   Level  Hunger
 Magic Dart               Conj           ####         1%          1    None
 Apportation              Tloc           ###...       4%          1    None
 Conjure Flame            Conj/Fire      ######..     1%          3    None
 Bolt of Cold             Conj/Ice       #####.....   43%         6    ####...
 Lightning Bolt           Conj/Air       #####.....   9%          5    ##.....
 Slow                     Hex            ###.....     6%          2    None
 Confuse                  Hex            ###.....     12%         3    None
 Invisibility             Hex            ###.....     99%         6    ####...
 Freezing Cloud           Conj/Ice/Air   #####.....   73%         6    ####...
 Summon Small Mammal      Summ           ###.         4%          1    None
 Blink                    Tloc           N/A          6%          2    None
 Iskenderun's Mystic Bla  Conj           ######..     1%          4    None
 Pain                     Necr           ###.         4%          1    None
 Animate Skeleton         Necr           N/A          4%          1    None
 Vampiric Draining        Necr           ###.......   12%         3    None
 Ozocubu's Refrigeration  Ice            ###.......   99%         6    ####...
 Summon Ice Beast         Ice/Summ       ###.....     38%         4    None
 Call Imp                 Summ           ###.....     6%          2    None
 Dispel Undead            Necr           ###.....     75%         5    ##.....
 Regeneration             Chrm/Necr      ###.......   12%         3    None
 Sublimation of Blood     Necr           ###.......   6%          2    None
 Tukima's Dance           Hex            ###.....     12%         3    None
 Shock                    Conj/Air       ####         1%          1    None
 Swiftness                Chrm/Air       ###.....     6%          2    None
 Spider Form              Tmut/Pois      ###.......   12%         3    None
 Blade Hands              Tmut           ###.......   75%         5    ##.....
 Statue Form              Tmut/Erth      ###......    99%         6    ####...
 Ice Form                 Ice/Tmut       ###.....     38%         4    None
 Dragon Form              Tmut           ###.......   100%        7    ######.
 Airstrike                Air            ###.......   38%         4    None
 Confusing Touch          Hex            ###...       4%          1    None
 Sticks to Snakes         Tmut           ###.....     6%          2    None
 Call Canine Familiar     Summ           ###.....     12%         3    None
 Ensorcelled Hibernation  Hex/Ice        ###...       6%          2    None
 Metabolic Englaciation   Hex/Ice        ###.......   75%         5    ##.....
 Summon Butterflies       Summ           ###.....     4%          1    None
 Static Discharge         Conj/Air       #####...     1%          3    None
 Corona                   Hex            ###....      4%          1    None
 Alistair's Intoxication  Tmut/Pois      ###.....     75%         5    ##.....
 Simulacrum               Ice/Necr       ###.......   99%         6    ####...
 Shroud of Golubria       Chrm/Tloc      ###.......   6%          2    None
 Inner Flame              Hex/Fire       #####...     1%          3    None
 Beastly Appendage        Tmut           ###...       4%          1    None
 Fulminant Prism          Conj/Hex       #####.....   3%          4    None
 Dazzling Spray           Conj/Hex       #####.       1%          3    None
 Force Lance              Conj/Tloc      #####...     3%          4    None
 Infusion                 Chrm           ###.         4%          1    None
 Song of Slaying          Chrm           ###.....     6%          2    None
 Spectral Weapon          Hex/Chrm       ###.....     12%         3    None
 Searing Ray              Conj           ######       1%          2    None
 Discord                  Hex            ###.......   100%        8    #######
 Summon Lightning Spire   Summ/Air       ###.....     38%         4    None
 Summon Guardian Golem    Hex/Summ       ###.....     12%         3    None
 Summon Mana Viper        Hex/Summ       ###.....     75%         5    ##.....
 Hydra Form               Tmut           ###.......   99%         6    ####...
 Irradiate                Conj/Tmut      #####.....   9%          5    ##.....
 Lesser Beckoning         Tloc           ###.......   12%         3    None


Dungeon Overview and Level Annotations

Branches:
Dungeon (15/15)            Temple (1/1) D:6            Lair (6/6) D:11
 Shoals (3/4) Lair:4       Spider (2/4) Lair:2        Slime (0/5) Lair:6
    Orc (2/2) D:9             Elf (1/3) Orc:2        Vaults (0/5) D:14
 Depths (0/5) D:15

Altars:
Dithmenos
Elyvilon
Fedhas
Gozag
Makhleb
Okawaru
Qazlal
Sif Muna
Trog
Uskayaw
Vehumet
Wu Jian
Xom
Yredelemnul
The Shining One

Shops:
D:9 [   D:14 *   Orc:1 *   Orc:2 ![%?

Annotations:
Spider:1 Arachne


Innate Abilities, Weirdness & Mutations

You have hooves in place of feet.
Armour fits poorly on your strangely shaped body.
You cover ground very quickly.
You have extremely tough skin. (AC +3)


Message History

Aim: Arachne, wielding a staff of poison (silenced, moderately wounded, covered in acid)
You shoot an arrow. The arrow hits Arachne!
The arrow freezes Arachne.
Arachne is moderately wounded.
You feel sick.
Arachne hits you with a staff of poison.
You are more poisoned.
Firing (i - inventory)
z - 187 arrows (quivered)
Press: ? - help, Shift-Dir - straight line, f/p - Arachne
Aim: Arachne, wielding a staff of poison (silenced, moderately wounded, covered in acid)
You shoot an arrow. The arrow hits Arachne.
The arrow freezes Arachne.
Arachne is moderately wounded.
Arachne hits you with a staff of poison!
* * * LOW HITPOINT WARNING * * *
You are more poisoned.
You feel yourself speed up.
You feel sick.
Arachne hits you with a staff of poison!
* * * LOW HITPOINT WARNING * * *
You are more poisoned.
Arachne hits you with a staff of poison!!
You die...

#################################
^...^##............#.....##......
...........†..............#......
...[..<..##...............###....
(†.......#...##..................
##>.....####.#.^.#.............##
.####.#########.####.............
...####...###...@>#######........
...##......#.....H...##..........
....#.................#...##.....
.....................###...##....
#.............##...### ######....
#.......^..^...#...# ##...#.
#....#.#...##.##...# #......
............###....#### ####.....
...........## ##..##.(###.##.....


You could see Arachne.

Vanquished Creatures
  Donald (Orc:2)
  A fire giant (D:15)
  An entropy weaver (Spider:1)
  Snorg (Lair:6)
  An ettin (Orc:2)
  3 merfolk impalers
  5 ogre magi
  Harold (Lair:4)
  Erolcha (Orc:2)
  3 hydras
  2 catoblepae
  6 centaur warriors
  19 two-headed ogres
  A merfolk avatar (Shoals:2)
  2 tengu warriors (D:15)
  The ghost of ketsa the Martial Artist, a novice GnTm of Ashenzari (Lair:2)
  6 skeletal warriors
  6 sea snakes
  2 unseen horrors
  A wizard (D:13)
  A deep elf archer (Elf:1)
  4 harpies (Shoals:2)
  2 wolf spider zombies
  2 orc knights
  A necromancer (Lair:6)
  3 orb spiders (Spider:1)
  13 ugly things
  An oklob plant (Lair:6)
  3 orc sorcerers
  3 wolf spiders (Spider:1)
  3 deep elf magi
  8 manticores
  5 fauns
  A cyclops (D:14)
  5 merfolk sirens
  6 elephants
  4 water nymphs
  3 black mambas
  Maurice (Orc:2)
  A torpor snail (Spider:1)
  3 centaur skeletons
  7 gargoyles
  7 spiny frogs
  5 komodo dragons
  4 demonic crawlers
  A rime drake (Lair:2)
  A tengu conjurer (D:15)
  2 jumping spiders (Spider:1)
  A queen bee (Lair:2)
  3 trolls
  2 wind drakes (Shoals:2)
  10 merfolk
  11 polar bears
  5 dream sheep
  A meliai zombie (D:13)
  2 raiju (Lair:6)
  11 slime creatures
  3 snapping turtles
  19 blink frogs
  4 hornets
  16 hippogriffs
  2 flying skulls (Volcano)
  5 large abominations (D:13)
  5 tarantellas
  12 redbacks
  A water elemental (Shoals:2)
  A shadow (D:13)
  4 alligator skeletons (Volcano)
  2 wraiths
  26 yaks
  2 wyverns
  3 hungry ghosts
  2 basilisks
  8 vampire mosquitoes
  5 wargs
  3 acid dragons
  6 porcupines
  15 hell hounds
  9 water moccasins
  17 orc warriors
  14 black bears
  An eye of draining (D:14)
  Purgy (Sewer)
  5 phantoms
  5 sky beasts
  5 necrophages
  13 ice beasts
  30 ogres
  7 small abominations (D:13)
  24 wolves
  4 centaurs
  17 crocodiles
  3 big kobolds
  19 bullfrogs
  A gnoll sergeant (D:8)
  A water moccasin zombie (D:6)
  A wyvern skeleton (D:14)
  42 killer bees
  4 scorpions
  4 troll skeletons (Volcano)
  A spriggan skeleton (Volcano)
  A jelly (D:9)
  5 howler monkeys
  2 bullfrog zombies
  7 crimson imps
  2 quasits
  4 centaur zombies
  2 hounds
  15 orc priests
  Ijyb (D:5)
  7 iguanas
  17 orc wizards
  3 polar bear simulacra (Lair:6)
  10 worker ants
  2 yak simulacra (Lair:6)
  A killer bee zombie (D:6)
  2 wolf simulacra (Lair:6)
  2 naga skeletons (Volcano)
  A hound zombie (D:7)
  A howler monkey skeleton (D:11)
  13 gnolls
  A river rat (Lair:2)
  16 adders
  5 shadow imps
  An ooze (D:3)
  2 adder skeletons
  8 worms
  4 dart slugs
  8 leopard geckos
  68 orcs
  6 giant cockroaches
  8 goblins
  6 hobgoblins
  6 jackals
  10 quokkas
  5 ball pythons
  7 bats
  5 frilled lizards
  22 kobolds
  3 quokka skeletons
  4 rats
  4 river rat simulacra (Lair:6)
  A plant (Shoals:2)
880 creatures vanquished.

Vanquished Creatures (others)
  A wolf spider (Spider:1)
  A gargoyle (Volcano)
  A flying skull (Volcano)
  An ogre (Orc:2)
  2 bushes (D:7)
  13 fungi
  31 plants
50 creatures vanquished.

Grand Total: 930 creatures vanquished

Notes
Turn   | Place    | Note
-------+----------+-------------------------------------------
     0 | D:1      | PegasusDuck the Centaur Fire Elementalist began the quest for the Orb.
     0 | D:1      | Reached XP level 1. HP: 14/14 MP: 3/3
    45 | D:1      | Reached skill level 2 in Spellcasting
   120 | D:1      | Reached XP level 2. HP: 14/20 MP: 1/5
   128 | D:1      | Learned a level 2 spell: Throw Flame
   863 | D:2      | Reached XP level 3. HP: 23/26 MP: 1/7
  1312 | D:2      | Reached skill level 3 in Spellcasting
  1712 | D:2      | Reached XP level 4. HP: 29/33 MP: 2/9
  2628 | D:3      | Reached skill level 1 in Conjurations
  2798 | D:3      | Reached XP level 5. HP: 26/38 MP: 3/10
  3373 | D:4      | Noticed a phantom
  3450 | D:4      | Found a white marble altar of Elyvilon.
  3742 | D:4      | Noticed an ogre
  3766 | D:4      | Killed an ogre
  3766 | D:4      | Reached skill level 4 in Spellcasting
  3766 | D:4      | Reached XP level 6. HP: 45/45 MP: 5/12
  3936 | D:4      | Found a burning altar of Makhleb.
  4121 | D:4      | Noticed an orc warrior
  4359 | D:4      | Killed an orc warrior
  4760 | D:4      | Reached XP level 7. HP: 42/50 MP: 6/13
  4859 | D:4      | Got a translucent leather armour
  4870 | D:4      | Identified the +3 leather armour "Zolug" {+Inv +Fly rN+} (You found it on level 4 of the Dungeon)
  5179 | D:5      | Entered Level 5 of the Dungeon
  5179 | D:5      | Found a glowing drain.
  5516 | D:5      | Reached skill level 5 in Fire Magic
  5549 | D:5      | Noticed Ijyb
  5757 | Sewer    | Entered a sewer
  5771 | Sewer    | Noticed Purgy
  5778 | Sewer    | Killed Purgy
  6243 | D:5      | Reached skill level 5 in Spellcasting
  6247 | D:5      | Reached XP level 8. HP: 56/57 MP: 1/15
  6544 | D:5      | Killed Ijyb
  6809 | D:5      | Reached skill level 1 in Bows
  7288 | D:5      | Found a bloodstained altar of Trog.
  7310 | D:5      | Found a hide-covered altar of Uskayaw.
  7842 | D:6      | Reached skill level 6 in Spellcasting
  7942 | D:6      | Reached skill level 5 in Bows
  8108 | D:6      | Found a staircase to the Ecumenical Temple.
  8133 | Temple   | Entered the Ecumenical Temple
  8155 | Temple   | Became a worshipper of Sif Muna the Loreminder
  8508 | D:6      | Learned a level 4 spell: Sticky Flame
  9047 | D:7      | Reached XP level 9. HP: 12/62 MP: 9/18
  9395 | D:7      | Found a faded altar of an unknown god.
  9395 | D:7      | Found a faded altar of an unknown god.
  9425 | D:7      | Found an iron altar of Okawaru.
  9427 | D:7      | Found a shimmering altar of Xom.
  9428 | D:7      | Found an opulent altar of Gozag.
  9630 | D:7      | Reached skill level 7 in Spellcasting
  9986 | D:7      | Found a blossoming altar of Fedhas.
 10370 | D:7      | Reached skill level 8 in Spellcasting
 10502 | D:8      | Found an iron altar of Okawaru.
 10612 | D:8      | Reached * piety under Sif Muna
 10902 | D:8      | Noticed a two-headed ogre
 10938 | D:8      | Found a stormy altar of Qazlal.
 11125 | D:8      | Killed a two-headed ogre
 11125 | D:8      | Reached skill level 9 in Spellcasting
 11125 | D:8      | Reached XP level 10. HP: 52/68 MP: 2/23
 11335 | D:8      | Learned a level 5 spell: Fireball
 11507 | D:9      | Noticed an unseen horror
 11511 | D:9      | Killed an unseen horror
 11555 | D:8      | Reached ** piety under Sif Muna
 11772 | D:9      | Reached skill level 10 in Spellcasting
 11934 | D:9      | Paralysed by a hornet for 1 turns
 12138 | D:9      | Reached skill level 5 in Conjurations
 12447 | D:9      | Found Toit's Antique Armour Shoppe.
 12452 | D:9      | Bought a shadowed robe for 171 gold pieces
 12452 | D:9      | Identified the +0 robe of Snakes and Ladders {rC+ rCorr SInv} (You bought it in a shop on level 9 of the Dungeon)
 13129 | D:9      | Found a staircase to the Orcish Mines.
 13178 | D:10     | Entered Level 10 of the Dungeon
 13183 | D:10     | Reached *** piety under Sif Muna
 14292 | D:11     | Noticed a red ugly thing
 14355 | D:11     | Noticed a cyan ugly thing
 14549 | D:11     | Reached XP level 11. HP: 74/74 MP: 22/25
 14848 | D:11     | Killed a purple ugly thing
 14908 | D:11     | Noticed a two-headed ogre
 14925 | D:11     | Killed a cyan ugly thing
 14977 | D:11     | Killed a two-headed ogre
 14977 | D:11     | Reached **** piety under Sif Muna
 15306 | D:11     | Found a staircase to the Lair.
 15349 | Lair:1   | Entered Level 1 of the Lair of Beasts
 15916 | Lair:1   | You fall through a shaft!
 15921 | Lair:2   | Found a hole to the Spider Nest.
 17125 | Lair:2   | Reached ***** piety under Sif Muna
 17432 | Lair:2   | Received a gift from Sif Muna
 17506 | Lair:2   | Noticed ketsa's ghost (novice GnTm)
 17558 | Lair:2   | Killed ketsa's ghost
 17772 | Lair:2   | Reached XP level 12. HP: 71/81 MP: 14/26
 17925 | Lair:2   | Identified the cursed +1 robe of Pufa {Str+3 Dex+4} (You found it on level 2 of the Lair of Beasts)
 18198 | Lair:2   | Reached skill level 10 in Fire Magic
 18579 | Lair:2   | Upgraded the game from 0.22-a0-423-g4197694 to 0.22-a0-425-g89d60a1
 18781 | Lair:3   | Found a dark tunnel.
 18786 | Volcano  | Entered a volcano
 19169 | Volcano  | Reached skill level 10 in Conjurations
 20472 | Lair:3   | Received a gift from Sif Muna
 21641 | Lair:4   | Noticed Harold
 21666 | Lair:4   | Killed Harold
 21766 | Lair:4   | Found a white marble altar of Elyvilon.
 22033 | Lair:4   | Found a staircase to the Shoals.
 22116 | Lair:4   | Found a labyrinth entrance.
 22217 | Lair:4   | Reached XP level 13. HP: 86/86 MP: 19/27
 23455 | Lair:6   | Entered Level 6 of the Lair of Beasts
 24135 | Lair:6   | Reached skill level 11 in Spellcasting
 24360 | Lair:6   | Identified Sif Muna's Almanac of Evil (Sif Muna gifted it to you on level 6 of the Lair of Beasts)
 24360 | Lair:6   | Received a gift from Sif Muna
 25541 | Lair:6   | Found a staircase to the Slime Pits.
 25819 | Lair:6   | Reached skill level 12 in Spellcasting
 25946 | Lair:6   | Noticed Snorg
 25979 | Lair:6   | Killed Snorg
 26754 | Lair:6   | Received a gift from Sif Muna
 27305 | Lair:6   | Reached XP level 14. HP: 85/93 MP: 11/30
 28403 | Lair:6   | Reached skill level 13 in Spellcasting
 30510 | Orc:1    | Entered Level 1 of the Orcish Mines
 30565 | D:9      | Identified a scroll of acquirement
 30568 | D:9      | Got a bloodstained shortbow
 30569 | D:9      | Identified the +3 shortbow "Enonkuca" {freeze, Int+5} (You acquired it on level 9 of the Dungeon)
 31598 | D:13     | Reached skill level 10 in Bows
 33061 | D:14     | Received a gift from Sif Muna
 33367 | D:14     | Found a gate to the Vaults.
 33885 | D:14     | Found Rucoch's General Store.
 33890 | D:14     | Bought a potion of haste for 160 gold pieces
 33890 | D:14     | Bought a scroll of summoning for 152 gold pieces
 34243 | D:9      | Learned a level 3 spell: Mephitic Cloud
 34485 | Orc:1    | Found Feomen's Assorted Antiques.
 34495 | Orc:1    | Reached XP level 15. HP: 79/99 MP: 2/32
 34757 | Orc:2    | Entered Level 2 of the Orcish Mines
 35105 | Orc:2    | Noticed Maurice
 35114 | Orc:2    | Killed Maurice
 35211 | Orc:1    | Bought a grey potion for 27 gold pieces
 35663 | Orc:2    | Noticed Erolcha
 35671 | Orc:2    | Killed Erolcha
 35721 | Orc:2    | Found Kuathrief's Food Boutique.
 35721 | Orc:2    | Found Sixesk's Magic Scroll Emporium.
 35723 | Orc:2    | Found Aruakouc's Distillery.
 35723 | Orc:2    | Found Tiypeuno's Antique Armour Boutique.
 35735 | Orc:2    | Bought a scroll of blinking for 97 gold pieces
 35736 | Orc:2    | Bought a crude leather armour for 182 gold pieces
 35736 | Orc:2    | Bought a heavily runed leather armour for 182 gold pieces
 35736 | Orc:2    | Identified the +1 leather armour of Snakes and Ladders {rElec rC+ MP+9 Dex+4} (You bought it in a shop on level 2 of the Orcish Mines)
 35738 | Orc:2    | Bought a scroll of identify for 26 gold pieces
 35739 | Orc:2    | Identified the cursed +1 leather armour of the Barber Surgeon {rF+ rC+ rCorr Int+3} (You bought it in a shop on level 2 of the Orcish Mines)
 35747 | Orc:2    | Noticed Donald
 36044 | Orc:2    | Reached skill level 14 in Spellcasting
 36287 | Orc:2    | Killed Donald
 36464 | Orc:2    | Found a staircase to the Elven Halls.
 36586 | Orc:2    | Bought a potion of haste for 170 gold pieces
 36586 | Orc:2    | Bought a potion of heal wounds for 85 gold pieces
 36586 | Orc:2    | Bought a potion of haste for 170 gold pieces
 37061 | D:15     | Entered Level 15 of the Dungeon
 37151 | D:15     | Identified Sif Muna's Collected Works on Black Rites and Enchantment (Sif Muna gifted it to you on level 15 of the Dungeon)
 37151 | D:15     | Received a gift from Sif Muna
 37711 | D:15     | Noticed a fire giant
 38093 | D:15     | Found a staircase to the Depths.
 38590 | D:15     | Killed a fire giant
 39636 | Shoals:1 | Entered Level 1 of the Shoals
 39819 | Elf:1    | Entered Level 1 of the Elven Halls
 39824 | Elf:1    | Reached skill level 15 in Spellcasting
 41385 | Shoals:1 | Received a gift from Sif Muna
 41428 | Shoals:1 | Reached XP level 16. HP: 105/105 MP: 6/35
 42207 | Shoals:2 | Reached skill level 1 in Invocations
 42684 | Shoals:2 | Reached skill level 5 in Invocations
 44159 | Spider:1 | Entered Level 1 of the Spider Nest
 45268 | Spider:1 | Reached ****** piety under Sif Muna
 45689 | Spider:1 | Reached skill level 1 in Evocations
 46489 | Spider:2 | Noticed Arachne
 46499 | Spider:1 | Mangled by Arachne

Vault maps used:
D:1:      minmay_arrival_hallway, minmay_pentomino_v2
D:3:      minmay_crystal_water, kennysheep_cross_bottleneck
D:4:      wad_woods_stonehenge, elyvilon_altar_3, first_ration,
          minmay_misc_feat_four_crosses
D:5:      bloody_trog, eat_drink_and_be_merry_uskayaw,
          cheibrodos_sewer_entry_sluice, uniq_ijyb
D:6:      minmay_temple_entry_large_hall
D:7:      chequers_temple_overflow_minitemple, grunt_ogre_cave,
          corexii_hall_statues_x, fedhas_altar_decomposition
D:8:      overflow_temple_1_default, okawaru_metal_pillars_1_2
D:9:      orc_0_dummy, serial_shops, shop_statue
D:11:     lair_entry_dummy
D:13:     columned_hall_lemuel, laboratory
D:14:     david_vaults_2, serial_shops, nicolae_shop_statue_plus, st_stairs_10
D:15:     grunt_enter_depths_giant_problem
Temple:   regret_index_temple_waves
Lair:1:   minivault_26, serial_bayou_pond_c, serial_bayou_pond_a
Lair:2:   regret_index_tunnel_blossom, nicolae_spider_entry_non_spiders
Lair:3:   enter_volcano_4, portal_ice_cave_entry_ice_beasts
Lair:4:   minmay_shoals_entry_lonely_mermaid, basic_altar, lab_entry_generic,
          minivault_23, grunt_megastairs_2, uniq_harold
Lair:5:   serial_bayou_shore_b, grunt_megastairs_1, lemuel_fruit_tree,
          lemuel_fruit_fields
Lair:6:   hangedman_lair_caniforms_friends, minmay_slime_entry_oklob_open,
          eino_house_with_fridge, grunt_megastairs_3, uniq_snorg
Spider:2: worms_lemuel, uniq_arachne
Orc:1:    serial_shops, nicolae_shop_overgrown_old_shop
Orc:2:    st_orc_ogre_mass, mines2_lemuel, uniq_erolcha, uniq_maurice,
          uniq_donald
Elf:1:    serial_shops, shop, minmay_elf_crystal_heptagon
Sewer:    kennysheep_door_sewer
Volcano:  volcano_tomb

Skill      XL: |  1  2  3  4  5  6  7  8  9 10 11 12 13 14 15 16 |
---------------+-------------------------------------------------+-----
Spellcasting   | 2 3 4 5 6 9 10 12 13 15 | 15.0
Conjurations   | 1 2 3 4 6 9 11 12 | 12.8
Fire Magic     | 3 4 5 6 9 11 12 | 12.0
Bows           | 6 7 14 | 14.0
Invocations    | 6 |  6.7
Evocations     | 1 |  1.9
Dodging        | |  1.3
Stealth        | |  1.1

Action                   |  1- 3 |  4- 6 |  7- 9 | 10-12 | 13-15 | 16-18 || total
-------------------------+-------+-------+-------+-------+-------+-------++-------
Melee: Unarmed           |    44 |     7 |    44 |       |       |       ||    95
       Kick              |    10 |     3 |    11 |       |    10 |       ||    34
       Quarterstaff      |       |       |    40 |       |       |       ||    40
       Shortbow          |       |       |     3 |       |     3 |       ||     6
       Demon whip        |       |       |       |    12 |    34 |       ||    46
 Fire: Shortbow          |       |       |    93 |   296 |  1104 |   112 ||  1605
 Cast: Flame Tongue      |    69 |   133 |   162 |    65 |     5 |     1 ||   435
       Throw Flame       |       |    13 |   194 |   444 |   483 |    46 ||  1180
       Sticky Flame      |       |       |     4 |    71 |    88 |    16 ||   179
       Fireball          |       |       |       |    76 |   287 |    89 ||   452
       Mephitic Cloud    |       |       |       |       |    27 |     5 ||    32
Invok: Divine Energy     |       |       |       |     1 |       |       ||     1
Evoke: Wand              |     1 |       |     1 |    19 |    15 |     6 ||    42
  Use: Scroll            |     1 |     1 |    10 |    23 |    11 |     1 ||    47
       Potion            |       |     1 |       |     4 |     4 |     1 ||    10
  Eat: Chunk             |     2 |     5 |    14 |    23 |    49 |     9 ||   102
       Ration            |       |     1 |     2 |     9 |    10 |     3 ||    25
Armor: Robe              |    37 |    30 |       |       |       |       ||    67
       Leather armour    |       |       |   182 |   149 |    88 |    80 ||   499
       Troll leather arm |       |       |       |       |   297 |       ||   297
Dodge: Dodged            |    48 |    45 |   165 |   190 |   343 |    86 ||   877

Table legend:
 A = Spawn XP
 B = Non-spawn XP
 C = Spawn XP percentage of total XP
 D = Spawn monster count
 E = Non-spawn monster count
 F = Spawn count percentage of total count
 G = Total turns spent on level
                    A         B        C        D         E        F      G
               +---------+---------+-------+---------+---------+-------+---------
         Total |       0 |  181727 |   0.0 |       0 |     880 |   0.0 | 46499
               +---------+---------+-------+---------+---------+-------+---------
           D:1 |       0 |      37 |   0.0 |       0 |      21 |   0.0 |   853
           D:2 |       0 |     115 |   0.0 |       0 |      33 |   0.0 |  1679
           D:3 |       0 |      55 |   0.0 |       0 |       9 |   0.0 |   961
           D:4 |       0 |     810 |   0.0 |       0 |      29 |   0.0 |  2607
           D:5 |       0 |     715 |   0.0 |       0 |      27 |   0.0 |  1460
           D:6 |       0 |     820 |   0.0 |       0 |      23 |   0.0 |  1528
           D:7 |       0 |    1620 |   0.0 |       0 |      22 |   0.0 |  1235
           D:8 |       0 |    2312 |   0.0 |       0 |      25 |   0.0 |  1333
           D:9 |       0 |    4811 |   0.0 |       0 |      61 |   0.0 |  2037
          D:10 |       0 |    1276 |   0.0 |       0 |      17 |   0.0 |  1350
          D:11 |       0 |    5292 |   0.0 |       0 |      30 |   0.0 |  1776
          D:12 |       0 |    7324 |   0.0 |       0 |      18 |   0.0 |  1521
          D:13 |       0 |    8994 |   0.0 |       0 |      40 |   0.0 |  2167
          D:14 |       0 |   14168 |   0.0 |       0 |      37 |   0.0 |  1213
          D:15 |       0 |   16159 |   0.0 |       0 |      42 |   0.0 |  2420
        Lair:1 |       0 |    1001 |   0.0 |       0 |       8 |   0.0 |   691
        Lair:2 |       0 |   11473 |   0.0 |       0 |      80 |   0.0 |  3492
        Lair:3 |       0 |    3512 |   0.0 |       0 |      25 |   0.0 |  1147
        Lair:4 |       0 |    4456 |   0.0 |       0 |      14 |   0.0 |  1158
        Lair:5 |       0 |    4891 |   0.0 |       0 |      19 |   0.0 |  2513
        Lair:6 |       0 |   24676 |   0.0 |       0 |     109 |   0.0 |  3507
      Shoals:1 |       0 |    9513 |   0.0 |       0 |      19 |   0.0 |  1915
      Shoals:2 |       0 |   15099 |   0.0 |       0 |      30 |   0.0 |  1932
      Shoals:3 |       0 |     517 |   0.0 |       0 |       1 |   0.0 |    37
      Spider:1 |       0 |    9504 |   0.0 |       0 |      26 |   0.0 |  1492
      Spider:2 |       0 |     210 |   0.0 |       0 |       1 |   0.0 |     6
         Orc:1 |       0 |    2924 |   0.0 |       0 |      21 |   0.0 |   810
         Orc:2 |       0 |   22406 |   0.0 |       0 |      64 |   0.0 |  1801
         Elf:1 |       0 |    1839 |   0.0 |       0 |       3 |   0.0 |    15
         Sewer |       0 |     136 |   0.0 |       0 |       6 |   0.0 |   160
       Volcano |       0 |    5062 |   0.0 |       0 |      20 |   0.0 |  1646
               +---------+---------+-------+---------+---------+-------+---------
